 Dungeon Crawl Stone Soup version 0.14-a0-736-g2a71271 (webtiles) character file.

206 Malachi the Ruffian (level 4, 0/35 HPs)
             Began as a Draconian Transmuter on Nov 7, 2013.
             Succumbed to poison (a potion of poison)
             ... on Level 3 of the Dungeon.
             The game lasted 00:03:46 (2132 turns).

Malachi the Ruffian (Draconian Transmuter)          Turns: 2132, Time: 00:03:46

HP   0/35        AC  5     Str 13      XL: 4   Next: 47%
MP   6/6         EV 12     Int 14      God:
Gold 106         SH  0     Dex 11      Spells:  3 memorised,  1 level left

Res.Fire  : . . .   See Invis. : .     - Unarmed
Res.Cold  : . . .   Warding    : .   (armour unavailable)
Life Prot.: . . .   Conserve   : .   (no shield)
Res.Poison: .       Res.Corr.  : .   (helmet restricted)
Res.Elec. : .       Clarity    : .   (no cloak)
Sust.Abil.: . .     Spirit.Shd : .   (no gloves)
Res.Mut.  : .       Stasis     : .   (no boots)
Res.Rott. : .       Flight     : .   (no amulet)
Saprovore : . . .                    (no ring)
                                     (no ring)

@: mildly poisoned, slightly resistant to hostile enchantments, unstealthy
A: unfitting armour, AC +5
a: no special abilities


You were on level 3 of the Dungeon.
You were hungry.

You visited 1 branch of the dungeon, and saw 3 of its levels.

You collected 106 gold pieces.

Inventory:

Missiles
 b - 28 arrows
Comestibles
 a - a bread ration
 f - an apricot
 h - a meat ration
Scrolls
 g - a scroll of fear {unknown}
 j - 2 scrolls of teleportation {unknown}
 l - 2 scrolls of random uselessness {unknown}
 o - 2 scrolls of fog {unknown}
 p - 2 scrolls of identify {unknown}
Jewellery
 k - an uncursed amulet of clarity {unknown}
Books
 d - a book of Changes

   Spells                             Type                      Level
   *Beastly Appendage                 Transmutation                1
   *Sticks to Snakes                  Transmutation                2
   *Spider Form                       Transmutation/Poison         3
   Ice Form                           Ice/Transmutation            4
   Blade Hands                        Transmutation                5


   Skills:
 - Level 1.1 Fighting
 - Level 2.6 Dodging
 - Level 4.1 Unarmed Combat
 - Level 2.0 Spellcasting
 * Level 3.0 Transmutations
 * Level 0.6 Poison Magic


You had one spell level left.
You knew the following spells:

 Your Spells              Type           Power        Failure   Level  Hunger
a - Beastly Appendage     Trmt           #.....       10%         1    ##.....
b - Sticks to Snakes      Trmt           #.........   12%         2    ###....
c - Spider Form           Trmt/Pois      #.........   38%         3    ####...


Dungeon Overview and Level Annotations

Branches:
Dungeon (3/27)

Altars:


Message History

* * * LOW HITPOINT WARNING * * *
You feel sick.
You start resting.
* * * LOW HITPOINT WARNING * * *
You feel sick.
Eat which item? (? for menu, Esc to quit)
You don't have any such object.
Eat which item? (? for menu, Esc to quit)
Eat which item? (? for menu, Esc to quit)
Eat which item? (? for menu, Esc to quit)
You don't have any such object.
Eat which item? (? for menu, Esc to quit)
Okay, then.
Drink which item? (? for menu, Esc to quit)
That liquid tasted very nasty...
You are more poisoned.
It was a potion of poison.
* * * LOW HITPOINT WARNING * * *
You feel sick.
You feel a little better.
You die...

#....#
##...'........
#....#
#..###........
+....###.##
#........
#....'...#
#........
#....#####
#........
###'##
#........ #..#
####+#### ##.#
#@# #)#
#........#
#..S.....#
#....>...#
#........#
#........+
........#
.......#


There were no monsters in sight!

Vanquished Creatures
  5 adders
  An inept feature mimic (D:2)
  2 giant geckos (D:1)
  An ooze (D:2)
  5 hobgoblins
  3 jackals (D:3)
  5 kobolds
  A quokka (D:2)
  7 bats
  3 giant newts
  5 goblins
  6 rats
44 creatures vanquished.

Vanquished Creatures (collateral kills)
  A ball python (D:3)
1 creature vanquished.

Grand Total: 45 creatures vanquished

Notes
Turn   | Place    | Note
--------------------------------------------------------------
     0 | D:1      | Malachi, the Draconian Transmuter, began the quest for the Orb.
     0 | D:1      | Reached XP level 1. HP: 16/16 MP: 1/1
   406 | D:1      | Reached XP level 2. HP: 12/23 MP: 3/3
   565 | D:1      | Learned a level 2 spell: Sticks to Snakes
  1204 | D:2      | Reached XP level 3. HP: 21/28 MP: 2/4
  1432 | D:2      | Reached skill level 4 in Unarmed Combat
  1560 | D:2      | Reached XP level 4. HP: 20/35 MP: 4/6
  1875 | D:2      | Learned a level 3 spell: Spider Form
  2131 | D:3      | HP: 1/35 [poison (a potion of poison)]
  2132 | D:3      | Succumbed to poison (a potion of poison)

Action                   |  1- 3 |  4- 6 || total
-------------------------+-------+-------++-------
Melee: Unarmed           |   140 |    35 ||   175
 Cast: Beastly Appendage |    15 |     2 ||    17
       Sticks to Snakes  |       |     3 ||     3
  Use: Scroll            |     4 |       ||     4
       Potion            |       |     3 ||     3
